 Dungeon Crawl Stone Soup version 0.31-a0-841-g038b102fc3 (webtiles) character file.

Game seed: 3360227169729797058

1414 IYTBazzie the Reanimator (level 8, -15/53 HPs)
             Began as a Demonspawn Necromancer on Sept 7, 2023.
             Was an Initiate of Jiyva.
             Demolished by a +0 broad axe of speed (16 damage)
             ... created by the rancor of the Wu Jian Council
             ... on level 5 of the Dungeon on Sept 27, 2023.
             The game lasted 00:21:50 (5551 turns).

IYTBazzie the Reanimator (Demonspawn Necromancer)   Turns: 5551, Time: 00:21:52

Health: -15/53     AC: -3    Str:  9    XL:     8   Next: 43%
Magic:  17/17      EV: 12    Int: 18    God:    Jiyva [......]
Gold:   183        SH:  0    Dex: 14    Spells: 18/19 levels left

rFire   x . .        l - +1 whip (venom)
rCold   + + .        (no shield)
rNeg    . . .        c - +2 robe
rPois   .            (helmet restricted)
rElec   .            (no cloak)
rCorr   .            i - +0 pair of gloves
SInv    .            (no boots)
Will    .....        (no amulet)
Stlth   ++           b - ring of protection from cold
HPRegen 0.28/turn    h - ring of ice
MPRegen 0.15/turn

%: random rage (3%)
@: corroded
A: antennae 1, hooves 1, ignite blood 1, spiny 1, demonic touch 2, berserk 1,
MP-powered wands
a: Renounce Religion


You were on level 5 of the Dungeon.
You worshipped Jiyva.
Jiyva was noncommittal.
You visited 1 branch of the dungeon, and saw 5 of its levels.
You also visited: Sewer.

You collected 183 gold pieces.

Inventory:

Hand Weapons
 l - a +1 whip of venom (weapon)
Armour
 c - a +2 robe (worn)
 i - a +0 pair of gloves (worn)
Jewellery
 b - a ring of protection from cold (left hand)
 h - a ring of ice (right hand)
Wands
 m - a wand of charming (5)
Scrolls
 a - 3 scrolls of revelation
 d - a scroll of identify
 g - a scroll of amnesia
 j - a scroll of vulnerability
 k - a scroll of enchant weapon
Potions
 e - a potion of mutation
 f - a potion of brilliance


   Skills:
 + Level 0.8 Fighting
 + Level 0.1 Maces & Flails
 + Level 2.4 Dodging
 + Level 2.2 Stealth
 + Level 0.7 Unarmed Combat
 + Level 6.2 Spellcasting
 + Level 9.5 Necromancy


You had 18 spell levels left.
You knew the following spells:

 Your Spells              Type           Power      Damage    Failure   Level
a - Necrotise             Necr           100%       1d9       1%          1

Your spell library contained the following spells:

 Spells                   Type           Power      Damage    Failure   Level
 Vampiric Draining        Necr           39%        2d8       1%          3
 Animate Dead             Necr           39%        N/A       2%          4
 Agony                    Necr           39%        N/A       7%          5
 Freeze                   Ice            32%        1d5       12%         1
 Slow                     Hex            20%        N/A       12%         1
 Anguish                  Hex/Necr       11%        N/A       17%         4
 Ensorcelled Hibernation  Hex/Ice        16%        N/A       19%         2
 Jinxbite                 Hex            10%        N/A       19%         2
 Confusing Touch          Hex            5%         N/A       34%         3
 Frozen Ramparts          Ice            16%        1d3       34%         3
 Hailstorm                Conj/Ice       8%         3d4       34%         3
 Sigil of Binding         Hex            5%         N/A       34%         3


Dungeon Overview and Level Annotations

Branches:
Dungeon (5/15)              Sewer (visited)
 Temple: D:4-7

Altars:
Wu Jian

Shops:
D:3 :*=(


Innate Abilities, Weirdness & Mutations

You have a pair of small antennae on your head.
You have large cloven feet.
Your demonic aura sometimes causes spilled blood to erupt in flames.
You are partially covered in sharp spines.
Your touch may inflict irresistible damage on your foes.
You sometimes lose your temper in combat.
You expend magic power (3 MP) to strengthen your wands.


Message History

You sense a monster nearby.
m - a wand of charming (5) Jiyva says: Divide and consume!
You hear a distant slurping noise.
You hear a distant slurping noise. x2
You hear a distant slurping noise.
You hear a distant slurping noise.
You can't see any susceptible monsters within range! (Use Z to cast anyway.)
The orc priest shouts!
The orc priest writhes in agony!
The orc priest writhes in agony!
You kill the orc priest!
The dead are walking!
You can't see any susceptible monsters within range! (Use Z to cast anyway.) Sifu Ma Yunglu says: Suffer, mortal!
The rancor of the Wu Jian Council corrodes you!
A +0 broad axe of speed, a +0 glaive of freezing and a +1 glaive of electrocution come into view.
Okay, then.
Okay, then.
Okay, then.
You hit the +1 glaive of electrocution but do no damage.
You hear a distant slurping noise.
You hear a slurping noise.
Your orc priest skeleton hits the +1 glaive of electrocution but does no damage.
You closely miss the +1 glaive of electrocution.
Your kick misses the +1 glaive of electrocution.
The +1 glaive of electrocution hits you!
You hit the +1 glaive of electrocution but do no damage.
You touch the +1 glaive of electrocution!
The +1 glaive of electrocution is severely damaged.
Your orc priest skeleton closely misses the +1 glaive of electrocution.
The +0 glaive of freezing hits you from afar!
The +0 glaive of freezing freezes you.
You barely miss the +1 glaive of electrocution.
The +1 glaive of electrocution is severely damaged.
Your orc priest skeleton barely misses the +1 glaive of electrocution.
The +1 glaive of electrocution hits you!!
Ouch! That really hurt!
* * * LOW HITPOINT WARNING * * *
The +0 broad axe of speed hits you!
You die...

.##......#.#### ..
............#.# .. .
............#.# #. .
...........#.. #. ###.
.....#.....#####. #.J.#
###..#..#..#...#.
#....####..#..#..#.#.#.
#...(#.(......#.#.#...
#...Z@(.....###.#.####
#...#......## #...# ###
#......# ##### ##.#.###
#####


You could see 3 dancing weapons, a neutral jelly (wandering) (fellow slime) and
a friendly orc priest skeleton.

Vanquished Creatures
  Pikel (D:5)
  Prince Ribbit (D:5)
  A scorpion (D:5)
  A hound (D:5)
  A gnoll bouda (D:4)
  An orc priest (D:5)
  3 sleepcaps
  Jessica (D:2)
  3 iguanas (D:5)
  An orc wizard (D:5)
  11 gnolls
  9 adders
  5 river rats
  3 dart slugs
  2 worms
  5 orcs
  3 bats
  8 endoplasms
  11 giant cockroaches
  11 goblins
  7 hobgoblins
  7 jackals
  6 quokkas
  16 ball pythons
  8 frilled lizards
  5 kobolds
  9 rats
140 creatures vanquished.

Vanquished Creatures (collateral kills)
  A jelly (Sewer)
  A gnoll (D:2)
  A giant cockroach (D:1)
  A hobgoblin (D:1)
  A jackal (D:1)
  A kobold (D:1)
6 creatures vanquished.

Vanquished Creatures (others)
  A dancing weapon (Sewer)
  2 jellies (Sewer)
  A ball python (Sewer)
  A rat (Sewer)
5 creatures vanquished.

Grand Total: 151 creatures vanquished

Notes
Turn   | Place    | Note
-------+----------+-------------------------------------------
     0 | D:1      | IYTBazzie the Demonspawn Necromancer began the quest for
                  | the Orb.
     0 | D:1      | Reached XP level 1. HP: 13/13 MP: 3/3
    59 | D:1      | Upgraded the game from 0.31-a0-700-gf13585253f to
                  | 0.31-a0-806-g0bc164a743
   178 | D:1      | Gained mutation: Your demonic aura sometimes causes spilled
                  | blood to erupt in flames. [demonic ancestry]
   178 | D:1      | Reached XP level 2. HP: 19/19 MP: 3/5
   181 | D:1      | Gained mutation: You expend magic power (3 MP) to
                  | strengthen your wands. [potion of mutation]
   181 | D:1      | Gained mutation: You sometimes lose your temper in combat.
                  | [potion of mutation]
   189 | D:1      | Reached skill level 5 in Necromancy
   484 | D:1      | Gained mutation: You are partially covered in sharp spines.
                  | [demonic ancestry]
   484 | D:1      | Reached XP level 3. HP: 23/24 MP: 0/6
  1287 | D:2      | Discovered your monstrous ancestry.
  1287 | D:2      | Gained mutation: You have large cloven feet. [demonic
                  | ancestry]
  1287 | D:2      | Reached XP level 4. HP: 24/30 MP: 0/7
  1365 | D:2      | Noticed Jessica
  1436 | D:2      | Killed Jessica
  1437 | D:2      | Reached skill level 6 in Necromancy
  1468 | D:2      | Upgraded the game from 0.31-a0-806-g0bc164a743 to
                  | 0.31-a0-841-g038b102fc3
  1603 | D:2      | Reached XP level 5. HP: 27/35 MP: 0/8
  1785 | D:2      | Found a faded altar of an unknown god.
  1792 | D:2      | Prayed at the altar of an unknown god.
  1792 | D:2      | Became a worshipper of the Wu Jian Council
  1792 | D:2      | Reached * piety under Wu Jian
  2060 | D:3      | Found Gacsu Zets's Antique Weapon Boutique.
  2483 | D:3      | Found Xohoumu's General Store.
  2598 | D:3      | Found Imetz's Jewellery Boutique.
  3030 | D:3      | Found Suloacie's Book Boutique.
  3332 | D:4      | Reached ** piety under Wu Jian
  3569 | D:4      | Reached skill level 7 in Necromancy
  3569 | D:4      | Gained mutation: You have a pair of small antennae on your
                  | head. [demonic ancestry]
  3569 | D:4      | Reached XP level 6. HP: 37/41 MP: 2/10
  4332 | D:5      | Entered Level 5 of the Dungeon
  4332 | D:5      | Noticed Prince Ribbit
  4382 | D:5      | Found a glowing drain.
  4392 | Sewer    | Entered a sewer
  4677 | Sewer    | Found a viscous altar of Jiyva.
  4757 | Sewer    | Fell from the grace of Wu Jian
  4757 | Sewer    | Became a worshipper of Jiyva Jyifryz the Shapeless
  4835 | Sewer    | Gained mutation: Your touch may inflict minor irresistible
                  | damage on your foes. [demonic ancestry]
  4835 | Sewer    | Reached XP level 7. HP: 46/46 MP: 8/13
  4870 | Sewer    | Noticed a +1 heavy dire flail
  4870 | Sewer    | Noticed a +1 great sword of freezing
  4870 | Sewer    | Noticed a +3 heavy dire flail
  4888 | Sewer    | Killed a +1 great sword of freezing
  4969 | D:5      | Reached skill level 8 in Necromancy
  5124 | D:5      | Noticed Pikel
  5135 | D:5      | Killed Pikel
  5136 | D:5      | Reached skill level 5 in Spellcasting
  5136 | D:5      | Reached skill level 9 in Necromancy
  5136 | D:5      | Gained mutation: Your touch may inflict irresistible damage
                  | on your foes. [demonic ancestry]
  5136 | D:5      | Reached XP level 8. HP: 28/53 MP: 3/16
  5145 | D:5      | Killed Prince Ribbit
  5551 | D:5      | HP: 1/53 [+1 glaive of electrocution[the rancor of the Wu
                  | Jian Council] (28)]
  5551 | D:5      | Demolished by a +0 broad axe of speed

Illustrated notes

Levels and vault maps discovered:
D:1:      eino_arrival_tree_alley, layout_rooms, serial_aquarium,
          aquarium_bridge_square [aquarium_subvault_window,
          aquarium_subvault_wall, aquarium_subvault_window,
          aquarium_subvault_bridge], aquarium_window_3, aquarium_window_1,
          aquarium_view_2d, aquarium_pool_double, minivault_14
D:2:      layout_rooms, dilly_ecumenical_altar_fadedgnrine, uniq_jessica
D:3:      layout_basic, zin_treasury, serial_shops, nicolae_diamond_shop,
          nicolae_shop_behind_doors, nicolae_square_shop,
          nicolae_shop_back_alley_shop
D:4:      layout_basic, corexii_corridor_pit
D:5:      layout_cave_pools, nicolae_elyvilon_peaceful_grove,
          gammafunk_ghost_nasty_kobolds, portal_sewer_entry_a,
          minmay_misc_feat_ornament, minmay_pentangle, uniq_prince_ribbit1,
          uniq_pikel

Skill      XL: |  1  2  3  4  5  6  7  8 |
---------------+-------------------------+-----
Necromancy     | 5 6 7 9 |  9.5
Spellcasting   | 3 4 5 6 |  6.2
Stealth        | 2 |  2.2
Dodging        | 2 |  2.4
Fighting       | |  0.8
Maces & Flails | |  0.1
Unarmed Combat | |  0.7

Action                     |  1- 3 |  4- 6 |  7- 9 || total
---------------------------+-------+-------+-------++-------
  Melee: Unarmed           |    52 |     1 |       ||    53
         Punch             |     1 |       |       ||     1
         Dagger            |       |     7 |       ||     7
         Kick              |       |     4 |     1 ||     5
         Whip              |       |     2 |     6 ||     8
         Touch             |       |       |     1 ||     1
   Cast: Necrotise         |    59 |   170 |    46 ||   275
Ability: Lunge             |       |     3 |       ||     3
         Whirlwind         |       |     1 |       ||     1
    Use: Potion            |     5 |     4 |     4 ||    13
         Scroll            |     2 |     5 |     4 ||    11
 Armour: Robe              |    34 |    23 |    24 ||    81
  Dodge: Dodged            |    61 |    22 |    17 ||   100
   Form: Beast             |       |     1 |       ||     1
                           |       |       |     1 ||     1

Table legend: (Time is in decaauts)
 A = Elapsed time spent in this place.
 B = Non-inter-level travel time spent in this place.
 C = Inter-level travel time spent in this place.
 D = Time resting spent in this place.
 E = Time spent auto-exploring this place.
 F = Levels seen in this place.
 G = Mean time per level.
                   A        B        C        D        E       F      G
               +--------+--------+--------+--------+--------+-----+--------+
         Total |   5577 |   5185 |    392 |      0 |   4346 |   6 |  929.5 |
       Dungeon |   4978 |   4586 |    392 |      0 |   3927 |   5 |  995.6 |
         Sewer |    599 |    599 |      0 |      0 |    419 |   1 |  599.0 |
               +--------+--------+--------+--------+--------+-----+--------+

Top non-repeatable levels by time:
     D:4: 1263 daAuts
     D:3: 1154 daAuts
     D:1: 1069 daAuts
     D:2: 983 daAuts
   Sewer: 599 daAuts
     D:5: 506 daAuts
